BUFFALO Sabres vs TORONTO Maple Leafs

Created - 19 février 2024 at 21:27

Goals
1 2 3 OT1 T
BUFFALO Sabres 0 2 1 0 3
TORONTO Maple Leafs 1 1 1 1 4
Shots
1 2 3 OT1 T
BUFFALO Sabres 5 10 13 1 29
TORONTO Maple Leafs 5 7 10 1 23

1st period

1. TORONTO Maple Leafs , Ryan Carpenter 1 (Artem Zub 2, Alex Goligoski 1) at 1:59

Penalties :
Sam Lafferty (TOR) for Interference (Minor) at 10:47, Ivan Provorov (BUF) for Cross-checking (Minor) at 16:51

2nd period

2. BUFFALO Sabres , Filip Hronek 2 (Jakob Chychrun 4, Valeri Nichushkin 7) at 6:10 (PP)
3. TORONTO Maple Leafs , Colin White 2 (Vince Dunn 11, Sam Lafferty 2) at 11:50
4. BUFFALO Sabres , Nico Hischier 6 (Jesper Bratt 8, Valeri Nichushkin 8) at 17:01

Penalties :
Mark Friedman (TOR) for Roughing (Minor) at 3:09, Nick Leddy (TOR) for Roughing (Minor) at 5:39, Artem Zub (TOR) for Roughing (Minor) at 8:15, Jonas Brodin (BUF) for Close Hand On Puck (Minor) at 13:57

3rd period

5. TORONTO Maple Leafs , Corey Perry 7 (John Marino 6, Tyler Seguin 10) at 12:49 (PP)
6. BUFFALO Sabres , Jesper Bratt 4 (Nico Hischier 9, Ivan Provorov 5) at 16:13 (PP)

Penalties :
Vince Dunn (TOR) for High sticking (Minor) at 5:32, Brett Kulak (BUF) for Slashing (Minor) at 11:19, Nick Leddy (TOR) for Hooking (Minor) at 14:44

Overtime #1

7. TORONTO Maple Leafs , Shayne Gostisbehere 6 (Ryan Carpenter 2, Josh Bailey 3) at 1:50

Penalties :
No Penalty

Goalie Stats

Igor Shesterkin (BUF), 19 saves from 23 shots - (0,826), OTL, 6-4-1, 61:51 minutes
Matt Murray (TOR), 26 saves from 29 shots - (0,897), W, 8-3-0, 61:51 minutes

Players Stats for BUFFALO Sabres

Player Name              G  A  P  +/- PIM S  H  SB GA TA FO     MP     PP MP  PK MP  
------------------------------------------------------------------------------------
Alex Tuch                0  0  0  -3  0   3  3  2  0  0  0/0    22:33   4:58   1:04 
Brett Kulak              0  0  0   0  2   0  2  2  0  0  0/0    18:06   0:00   1:43 
Curtis Lazar             0  0  0   0  0   0  2  0  0  0  1/1     7:33   0:00   0:00 
Filip Hronek             1  0  1   0  0   1  1  0  0  0  0/0    21:43   5:18   0:12 
Ivan Provorov            0  1  1  -1  2   1  3  0  0  0  0/0    24:39   4:38   2:53 
Jack Eichel              0  0  0  -2  0   2  1  0  0  0  11/20  19:17   4:37   0:00 
Jakob Chychrun           0  1  1   0  0   1  2  0  0  0  0/0    16:01   4:43   0:26 
Jesper Bratt             1  1  2   1  0   6  1  0  0  0  0/0    17:42   5:19   0:00 
Jon Merrill              0  0  0  -1  0   1  2  0  0  0  0/0    16:23   0:35   3:00 
Jonas Brodin             0  0  0  -1  2   3  2  1  0  0  0/0    24:39   4:38   2:42 
Logan O'Connor           0  0  0   0  0   0  1  0  0  0  0/1    14:41   0:00   4:24 
Mattias Janmark          0  0  0   0  0   0  0  0  0  0  0/0     7:33   0:00   0:00 
Nick Bjugstad            0  0  0  -1  0   0  2  0  0  0  9/17   10:44   0:00   1:20 
Nico Hischier            1  1  2   1  0   4  3  0  0  0  12/28  21:33   5:19   4:08 
Seth Jarvis              0  0  0   0  0   1  0  0  0  0  0/1    10:17   0:00   0:00 
Tage Thompson            0  0  0   0  0   3  0  0  0  0  12/14  10:17   0:00   0:00 
Valeri Nichushkin        0  2  2   1  0   2  3  0  0  0  1/2    17:04   4:58   0:00 
Vladimir Tarasenko       0  0  0  -2  0   1  2  0  0  0  0/2    19:17   4:37   0:00 

Players Stats for TORONTO Maple Leafs

Player Name              G  A  P  +/- PIM S  H  SB GA TA FO     MP     PP MP  PK MP  
------------------------------------------------------------------------------------
Alex Goligoski           0  1  1   0  0   0  1  1  0  0  0/0    15:32   0:00   5:21 
Artem Zub                0  1  1   0  2   2  0  4  0  0  0/0     9:51   0:00   0:31 
Colin White              1  0  1   1  0   1  0  0  0  0  1/2    18:25   2:20   0:00 
Corey Perry              1  0  1   0  0   2  6  0  0  0  0/1    24:58   3:08   6:30 
Dennis Gilbert           0  0  0   0  0   0  2  0  0  0  0/0     5:04   0:00   0:00 
John Marino              0  1  1   0  0   3  0  2  0  0  0/0    20:15   2:41   4:35 
Jonah Gadjovich          0  0  0   0  0   1  1  0  0  0  1/2    15:45   0:00   0:59 
Josh Bailey              0  1  1   1  0   1  0  0  0  0  0/4    20:28   3:08   2:52 
Kevin Stenlund           0  0  0   0  0   0  0  0  0  0  1/1     1:08   0:00   0:00 
Mark Friedman            0  0  0   0  2   0  0  0  0  0  0/0     5:03   0:00   0:00 
Mark Jankowski           0  0  0   1  0   0  3  0  0  0  1/5    18:43   2:20   0:18 
Nick Leddy               0  0  0   0  4   0  1  2  0  0  0/0    19:42   2:41   4:04 
Ryan Carpenter           1  1  2   1  0   1  0  0  0  0  7/12   15:02   0:00   0:00 
Sam Lafferty             0  1  1   1  2   4  2  0  0  0  10/21  18:58   2:20   2:09 
Shayne Gostisbehere      1  0  1   2  0   1  1  0  0  0  0/0    26:21   2:47   5:21 
Simon Holmstrom          0  0  0   0  0   0  0  0  0  0  0/0    14:46   0:00   0:00 
Tyler Seguin             0  1  1   0  0   4  1  1  0  0  19/38  25:32   3:08   7:04 
Vince Dunn               0  1  1   1  2   3  3  0  0  0  0/0    19:58   2:47   0:00 

3 Stars

1 - Nico Hischier (BUF)
2 - Corey Perry (TOR)
3 - Ryan Carpenter (TOR)

Power Play

BUFFALO Sabres - 2 on 6 Attempt(s) - 33,33%
TORONTO Maple Leafs - 1 on 3 Attempt(s) - 33,33%

Penalty Kill

BUFFALO Sabres - 2 on 3 Attempt(s) - 66,67% - Score 0 goal in Penalty Kill
TORONTO Maple Leafs - 4 on 6 Attempt(s) - 66,67% - Score 0 goal in Penalty Kill

Team Stat

BUFFALO Sabres - Hits : 30 - Faceoff Wins : 46 - Blocked Shots : 5 - Penalty Minutes : 6
TORONTO Maple Leafs - Hits : 21 - Faceoff Wins : 40 - Blocked Shots : 10 - Penalty Minutes : 12

Official

Referees : Dan O'Rourke and Garrett Rank
Linesman : Scott Cherrey and Doug Krell

Game Notes

No Game Note

Finance

Level 1 -- Attendance: 5740 (82,00%) -- Ticket Income $545,300
Level 2 -- Attendance: 4383 (73,05%) -- Ticket Income $262,980
Level 3 -- Attendance: 1827 (60,90%) -- Ticket Income $73,080
Level 4 -- Attendance: 3798 (63,30%) -- Ticket Income $75,960
Luxury Box -- Attendance: 746 (74,60%) -- Ticket Income $167,850
Game was played at the Air Canada Centre.
Total Attendance: 16494 (71,71%)
Total Ticket Income: $1,125,170
Other Income: $281,292
Total Income: $1,406,462

BUFFALO Sabres

5 vs 5 Forward 
   Center                   Left Wing                Right Wing               Time % Phy DF OF 
 1 Jack Eichel              Alex Tuch                Vladimir Tarasenko       37     0   2  3  
 2 Nico Hischier            Valeri Nichushkin        Jesper Bratt             33     0   2  3  
 3 Tage Thompson            Seth Jarvis              Logan O'Connor           20     1   2  2  
 4 Nick Bjugstad            Mattias Janmark          Curtis Lazar             10     1   2  2  

5 vs 5 Defense 
   Defense                  Defense                                           Time % Phy DF OF 
 1 Ivan Provorov            Jonas Brodin                                      40     1   2  2  
 2 Brett Kulak              Filip Hronek                                      30     1   2  2  
 3 Jakob Chychrun           Jon Merrill                                       20     1   3  1  
 4 Ivan Provorov            Jonas Brodin                                      10     1   3  1  

PowerPlay Forward 
   Center                   Left Wing                Right Wing               Time % Phy DF OF 
 1 Nico Hischier            Alex Tuch                Jesper Bratt             60     1   2  2  
 2 Jack Eichel              Valeri Nichushkin        Vladimir Tarasenko       40     1   2  2  

PowerPlay Defense
   Defense                  Defense                                           Time % Phy DF OF 
 1 Ivan Provorov            Jonas Brodin                                      60     1   2  2  
 2 Jakob Chychrun           Filip Hronek                                      40     1   2  2  

Penalty Kill 4 Players Forward 
   Center                   Wing                     Time % Phy DF OF 
 1 Nico Hischier            Logan O'Connor           60     1   2  2  
 2 Nick Bjugstad            Alex Tuch                40     1   2  2  

Penalty Kill 4 Players Defense
   Defense                  Defense                  Time % Phy DF OF 
 1 Ivan Provorov            Jonas Brodin             60     1   2  2  
 2 Brett Kulak              Jon Merrill              40     1   2  2  

Penalty Kill - 3 Players Forward 
   Forward                                           Time % Phy DF OF 
 1 Nico Hischier                                     60     1   2  2  
 2 Nick Bjugstad                                     40     1   2  2  

Penalty Kill - 3 Players Defense
   Defense                  Defense                  Time % Phy DF OF 
 1 Ivan Provorov            Jonas Brodin             60     1   2  2  
 2 Brett Kulak              Jon Merrill              40     1   2  2  

4 vs 4 Forward 
   Center                   Wing                     Time % Phy DF OF 
 1 Nico Hischier            Tage Thompson            60     1   2  2  
 2 Jack Eichel              Jesper Bratt             40     1   2  2  

4 vs 4 Defense
   Defense                  Defense                  Time % Phy DF OF 
 1 Ivan Provorov            Jonas Brodin             60     1   2  2  
 2 Jakob Chychrun           Filip Hronek             40     1   2  2  

Last Minutes Offensive
   Center                   Left Wing                Right Wing               Defense                  Defense                  
   Nico Hischier            Alex Tuch                Jesper Bratt             Ivan Provorov            Jonas Brodin             

Last Minutes Defensive
   Center                   Left Wing                Right Wing               Defense                  Defense                  
   Nico Hischier            Logan O'Connor           Nick Bjugstad            Ivan Provorov            Jonas Brodin             

Goaltenders
Starting : Igor Shesterkin          
Backup : Connor Ingram            

Extra Forwards
Normal : Jack Eichel, Nico Hischier, Tage Thompson - PP : Jack Eichel, Nico Hischier - PK : Nico Hischier
Extra Defensemen
Normal : Ivan Provorov, Jonas Brodin, Jakob Chychrun - PP : Ivan Provorov - PK : Jon Merrill, Jonas Brodin
Penalty Shots
Nico Hischier, Tage Thompson, Alex Tuch, Jesper Bratt, Jack Eichel

Scratches
Andrew Cogliano (Healthy), Henri Jokiharju (Healthy)

TORONTO Maple Leafs

5 vs 5 Forward 
   Center                   Left Wing                Right Wing               Time % Phy DF OF 
 1 Tyler Seguin             Josh Bailey              Corey Perry              40     1   2  2  
 2 Sam Lafferty             Mark Jankowski           Colin White              30     1   2  2  
 3 Ryan Carpenter           Jonah Gadjovich          Simon Holmstrom          20     1   2  2  
 4 Kevin Stenlund           Tyler Seguin             Corey Perry              10     1   2  2  

5 vs 5 Defense 
   Defense                  Defense                                           Time % Phy DF OF 
 1 Vince Dunn               Shayne Gostisbehere                               40     1   2  2  
 2 Nick Leddy               John Marino                                       30     1   2  2  
 3 Alex Goligoski           Artem Zub                                         20     1   2  2  
 4 Mark Friedman            Dennis Gilbert                                    10     1   2  2  

PowerPlay Forward 
   Center                   Left Wing                Right Wing               Time % Phy DF OF 
 1 Tyler Seguin             Josh Bailey              Corey Perry              60     1   2  2  
 2 Sam Lafferty             Mark Jankowski           Colin White              40     1   2  2  

PowerPlay Defense
   Defense                  Defense                                           Time % Phy DF OF 
 1 Vince Dunn               Shayne Gostisbehere                               60     1   2  2  
 2 Nick Leddy               John Marino                                       40     1   2  2  

Penalty Kill 4 Players Forward 
   Center                   Wing                     Time % Phy DF OF 
 1 Tyler Seguin             Corey Perry              60     1   2  2  
 2 Josh Bailey              Sam Lafferty             40     1   2  2  

Penalty Kill 4 Players Defense
   Defense                  Defense                  Time % Phy DF OF 
 1 Alex Goligoski           Shayne Gostisbehere      60     1   2  2  
 2 Nick Leddy               John Marino              40     1   2  2  

Penalty Kill - 3 Players Forward 
   Forward                                           Time % Phy DF OF 
 1 Tyler Seguin                                      60     1   2  2  
 2 Corey Perry                                       40     1   2  2  

Penalty Kill - 3 Players Defense
   Defense                  Defense                  Time % Phy DF OF 
 1 Mark Friedman            Shayne Gostisbehere      60     1   2  2  
 2 Nick Leddy               John Marino              40     1   2  2  

4 vs 4 Forward 
   Center                   Wing                     Time % Phy DF OF 
 1 Tyler Seguin             Corey Perry              60     1   2  2  
 2 Josh Bailey              Sam Lafferty             40     1   2  2  

4 vs 4 Defense
   Defense                  Defense                  Time % Phy DF OF 
 1 Artem Zub                Shayne Gostisbehere      60     1   2  2  
 2 Nick Leddy               John Marino              40     1   2  2  

Last Minutes Offensive
   Center                   Left Wing                Right Wing               Defense                  Defense                  
   Tyler Seguin             Josh Bailey              Corey Perry              Vince Dunn               Shayne Gostisbehere      

Last Minutes Defensive
   Center                   Left Wing                Right Wing               Defense                  Defense                  
   Tyler Seguin             Josh Bailey              Corey Perry              Vince Dunn               Shayne Gostisbehere      

Goaltenders
Starting : Matt Murray              
Backup : Alex Nedeljkovic         

Extra Forwards
Normal : Ryan Carpenter, Simon Holmstrom, Jonah Gadjovich - PP : Ryan Carpenter, Simon Holmstrom - PK : Jonah Gadjovich
Extra Defensemen
Normal : Alex Goligoski, Artem Zub, Mark Friedman - PP : Alex Goligoski - PK : Artem Zub, Mark Friedman
Penalty Shots
Tyler Seguin, Corey Perry, Josh Bailey, Sam Lafferty, Colin White

Scratches
Janne Kuokkanen (Healthy)

% Time on Ice - BUFFALO Sabres

Lines # - Real PCT - Wanted PCT - Time Play
Normal Forward
1 - 33% - 37% - 14:40
2 - 27% - 33% - 12:06
3 - 23% - 20% - 10:17
4 - 17% - 10% - 7:33
Normal Defense
1 - 37% - 40% - 16:40
2 - 37% - 30% - 16:24
3 - 25% - 20% - 11:03
4 - 1% - 10% - 0:29
PP Forward
1 - 54% - 60% - 5:19
2 - 46% - 40% - 4:37
PP Defense
1 - 47% - 60% - 4:38
2 - 53% - 40% - 5:18
PK Forward
1 - 88% - 60% - 4:50
2 - 12% - 40% - 0:38
PK Defense
1 - 94% - 60% - 5:08
2 - 6% - 40% - 0:20
PK3 Forward
1 - 0% - 60%
2 - 0% - 40%
PK3 Defense
1 - 0% - 60%
2 - 0% - 40%
44 Forward
1 - 0% - 60%
2 - 0% - 40%
44 Defense
1 - 0% - 60%
2 - 0% - 40%
Last Minute Offensive  - 0:00
Last Minute Defensive  - 0:00
Total
Forward - 60:00
Defense - 60:00

% Time on Ice - TORONTO Maple Leafs

Lines # - Real PCT - Wanted PCT - Time Play
Normal Forward
1 - 32% - 40% - 14:12
2 - 33% - 30% - 14:30
3 - 33% - 20% - 14:46
4 - 3% - 10% - 1:08
Normal Defense
1 - 39% - 40% - 17:12
2 - 29% - 30% - 12:59
3 - 21% - 20% - 9:21
4 - 11% - 10% - 5:04
PP Forward
1 - 57% - 60% - 3:08
2 - 43% - 40% - 2:20
PP Defense
1 - 51% - 60% - 2:47
2 - 49% - 40% - 2:41
PK Forward
1 - 71% - 60% - 7:04
2 - 29% - 40% - 2:52
PK Defense
1 - 54% - 60% - 5:21
2 - 46% - 40% - 4:35
PK3 Forward
1 - 0% - 60%
2 - 0% - 40%
PK3 Defense
1 - 0% - 60%
2 - 0% - 40%
44 Forward
1 - 0% - 60%
2 - 0% - 40%
44 Defense
1 - 0% - 60%
2 - 0% - 40%
Last Minute Offensive  - 0:00
Last Minute Defensive  - 0:00
Total
Forward - 60:00
Defense - 60:00

Play-by-Play

1st period


0:01 of 1st period - Jack Eichel wins face-off versus Tyler Seguin in neutral zone.
0:10 of 1st period - Shot by Vince Dunn.
0:10 of 1st period - Stopped by Igor Shesterkin without a rebound.
0:11 of 1st period - Nico Hischier wins face-off versus Sam Lafferty in BUFFALO Sabres zone.
0:27 of 1st period - Shot by Nico Hischier.
0:27 of 1st period - Stopped by Matt Murray with a rebound.
0:50 of 1st period - Nico Hischier is hit by Mark Jankowski and loses puck.
1:59 of 1st period - Shot by Ryan Carpenter.
1:59 of 1st period - Goal by Ryan Carpenter - BUFFALO Sabres : 0 - TORONTO Maple Leafs : 1.
2:00 of 1st period - Tage Thompson wins face-off versus Ryan Carpenter in neutral zone.
2:27 of 1st period - Shot by Tage Thompson.
2:27 of 1st period - Stopped by Matt Murray without a rebound.
2:28 of 1st period - Nick Bjugstad wins face-off versus Sam Lafferty in TORONTO Maple Leafs zone.
2:43 of 1st period - Brett Kulak is hit by Dennis Gilbert and loses puck.
3:32 of 1st period - Tyler Seguin is hit by Curtis Lazar and loses puck.
3:38 of 1st period - Shayne Gostisbehere is hit by Brett Kulak and loses puck.
3:46 of 1st period - Nick Bjugstad is hit by Shayne Gostisbehere and loses puck.
4:23 of 1st period - Shot by Simon Holmstrom.
4:23 of 1st period - Shot Misses the Net.
4:58 of 1st period - Icing by Filip Hronek.
4:59 of 1st period - Curtis Lazar wins face-off versus Sam Lafferty in BUFFALO Sabres zone.
7:18 of 1st period - Shot by Nico Hischier.
7:18 of 1st period - Stopped by Matt Murray with a rebound.
7:24 of 1st period - Shot by Jesper Bratt.
7:24 of 1st period - Shot Misses the Net.
7:40 of 1st period - Shot by Jesper Bratt.
7:40 of 1st period - Shot Blocked by John Marino.
7:59 of 1st period - Icing by Jesper Bratt.
8:00 of 1st period - Tage Thompson wins face-off versus Tyler Seguin in BUFFALO Sabres zone.
8:00 of 1st period - Jesper Bratt is hit by Tyler Seguin and loses puck.
8:05 of 1st period - Shot by Tyler Seguin.
8:05 of 1st period - Stopped by Igor Shesterkin without a rebound.
8:06 of 1st period - Tage Thompson wins face-off versus Tyler Seguin in BUFFALO Sabres zone.
8:08 of 1st period - Icing by Seth Jarvis.
8:09 of 1st period - Tyler Seguin wins face-off versus Tage Thompson in BUFFALO Sabres zone.
8:33 of 1st period - Icing by Jon Merrill.
8:34 of 1st period - Tage Thompson wins face-off versus Sam Lafferty in BUFFALO Sabres zone.
9:25 of 1st period - Icing by Tage Thompson.
9:26 of 1st period - Tage Thompson wins face-off versus Tyler Seguin in BUFFALO Sabres zone.
10:11 of 1st period - Icing by Nico Hischier.
10:12 of 1st period - Nico Hischier wins face-off versus Ryan Carpenter in BUFFALO Sabres zone.
10:14 of 1st period - Icing by Jesper Bratt.
10:15 of 1st period - Colin White wins face-off versus Nico Hischier in BUFFALO Sabres zone.
10:32 of 1st period - Shot by Sam Lafferty.
10:32 of 1st period - Shot Misses the Net.
10:47 of 1st period - Minor Penalty to Sam Lafferty for Interference.
10:48 of 1st period - Tyler Seguin wins face-off versus Jack Eichel in TORONTO Maple Leafs zone.
11:15 of 1st period - Tyler Seguin is hit by Vladimir Tarasenko and loses puck.
12:57 of 1st period - Icing by Mark Jankowski.
12:58 of 1st period - Nick Bjugstad wins face-off versus Sam Lafferty in TORONTO Maple Leafs zone.
13:18 of 1st period - Mattias Janmark is hit by Mark Jankowski and loses puck.
13:37 of 1st period - Icing by Brett Kulak.
13:38 of 1st period - Ryan Carpenter wins face-off versus Nick Bjugstad in BUFFALO Sabres zone.
14:03 of 1st period - Icing by Tage Thompson.
14:04 of 1st period - Tage Thompson wins face-off versus Tyler Seguin in BUFFALO Sabres zone.
14:04 of 1st period - Ivan Provorov is hit by Corey Perry and loses puck.
14:08 of 1st period - Jonas Brodin is hit by Corey Perry and loses puck.
15:01 of 1st period - Shot by Alex Tuch.
15:01 of 1st period - Shot Misses the Net.
15:03 of 1st period - Shot by Alex Tuch.
15:03 of 1st period - Shot Blocked by Tyler Seguin.
15:05 of 1st period - Shot by Vladimir Tarasenko.
15:05 of 1st period - Shot Misses the Net.
15:25 of 1st period - Shot by Vladimir Tarasenko.
15:25 of 1st period - Shot Misses the Net.
15:27 of 1st period - Shot by Jon Merrill.
15:27 of 1st period - Stopped by Matt Murray without a rebound.
15:28 of 1st period - Valeri Nichushkin wins face-off versus Jonah Gadjovich in TORONTO Maple Leafs zone.
15:29 of 1st period - Shot by Jesper Bratt.
15:29 of 1st period - Deflect By Valeri Nichushkin.
15:29 of 1st period - Stopped by Matt Murray without a rebound.
15:30 of 1st period - Ryan Carpenter wins face-off versus Nico Hischier in TORONTO Maple Leafs zone.
15:30 of 1st period - Ryan Carpenter is hit by Nico Hischier.
16:10 of 1st period - Jesper Bratt is hit by Jonah Gadjovich.
16:51 of 1st period - Minor Penalty to Ivan Provorov for Cross-checking.
16:52 of 1st period - Sam Lafferty wins face-off versus Logan O'Connor in BUFFALO Sabres zone.
17:28 of 1st period - Colin White is hit by Nick Bjugstad and loses puck.
18:23 of 1st period - Shot by John Marino.
18:23 of 1st period - Stopped by Igor Shesterkin without a rebound.
18:24 of 1st period - Tyler Seguin wins face-off versus Nick Bjugstad in BUFFALO Sabres zone.
18:25 of 1st period - Shot by Nick Leddy.
18:25 of 1st period - Shot Misses the Net.
18:27 of 1st period - Shot by Josh Bailey.
18:27 of 1st period - Stopped by Igor Shesterkin without a rebound.
18:28 of 1st period - Tyler Seguin wins face-off versus Nico Hischier in BUFFALO Sabres zone.
18:32 of 1st period - Josh Bailey is hit by Jonas Brodin and loses puck.
18:59 of 1st period - Shot by Artem Zub.
18:59 of 1st period - Shot Misses the Net.
19:46 of 1st period - Icing by Ryan Carpenter.
19:47 of 1st period - Jonah Gadjovich wins face-off versus Nick Bjugstad in TORONTO Maple Leafs zone.
19:47 of 1st period - Jonah Gadjovich is hit by Nick Bjugstad.
Goals for this period are 0 for BUFFALO Sabres vs 1 for TORONTO Maple Leafs.
Shots for this period are 5 for BUFFALO Sabres vs 5 for TORONTO Maple Leafs.
0:00 of 2nd period - Icing by Ivan Provorov.

2nd period


0:01 of 2nd period - Tyler Seguin wins face-off versus Nico Hischier in neutral zone.
0:57 of 2nd period - Corey Perry is hit by Alex Tuch and loses puck.
1:46 of 2nd period - Shot by Sam Lafferty.
1:46 of 2nd period - Stopped by Igor Shesterkin without a rebound.
1:47 of 2nd period - Tage Thompson wins face-off versus Ryan Carpenter in BUFFALO Sabres zone.
2:19 of 2nd period - Jonah Gadjovich is hit by Brett Kulak and loses puck.
2:54 of 2nd period - Shot by Sam Lafferty.
2:54 of 2nd period - Shot Misses the Net.
3:01 of 2nd period - Nico Hischier is hit by Nick Leddy and loses puck.
3:04 of 2nd period - Shot by Ivan Provorov.
3:04 of 2nd period - Shot Blocked by Nick Leddy.
3:06 of 2nd period - Shot by Valeri Nichushkin.
3:06 of 2nd period - Shot Misses the Net.
3:08 of 2nd period - Shot by Nico Hischier.
3:08 of 2nd period - Stopped by Matt Murray without a rebound.
3:09 of 2nd period - Jack Eichel wins face-off versus Corey Perry in TORONTO Maple Leafs zone.
3:09 of 2nd period - Minor Penalty to Mark Friedman for Roughing.
3:10 of 2nd period - Tyler Seguin wins face-off versus Nico Hischier in TORONTO Maple Leafs zone.
3:25 of 2nd period - Shot by Tyler Seguin.
3:25 of 2nd period - Stopped by Igor Shesterkin without a rebound.
3:26 of 2nd period - Jack Eichel wins face-off versus Tyler Seguin in BUFFALO Sabres zone.
3:42 of 2nd period - Shot by Jakob Chychrun.
3:42 of 2nd period - Stopped by Matt Murray without a rebound.
3:43 of 2nd period - Nico Hischier wins face-off versus Tyler Seguin in TORONTO Maple Leafs zone.
4:07 of 2nd period - Shot by Jesper Bratt.
4:07 of 2nd period - Stopped by Matt Murray without a rebound.
4:08 of 2nd period - Jack Eichel wins face-off versus Josh Bailey in TORONTO Maple Leafs zone.
5:34 of 2nd period - Icing by Ivan Provorov.
5:35 of 2nd period - Nick Bjugstad wins face-off versus Sam Lafferty in BUFFALO Sabres zone.
5:39 of 2nd period - Minor Penalty to Nick Leddy for Roughing.
5:40 of 2nd period - Nico Hischier wins face-off versus Tyler Seguin in TORONTO Maple Leafs zone.
6:02 of 2nd period - Off-side.
6:03 of 2nd period - Jack Eichel wins face-off versus Tyler Seguin in neutral zone.
6:08 of 2nd period - Shot by Jakob Chychrun.
6:08 of 2nd period - Shot Misses the Net.
6:10 of 2nd period - Shot by Filip Hronek.
6:10 of 2nd period - Goal by Filip Hronek - BUFFALO Sabres : 1 - TORONTO Maple Leafs : 1.
6:11 of 2nd period - Sam Lafferty wins face-off versus Seth Jarvis in neutral zone.
6:52 of 2nd period - Logan O'Connor is hit by Sam Lafferty and loses puck.
7:36 of 2nd period - Icing by Ivan Provorov.
7:37 of 2nd period - Ryan Carpenter wins face-off versus Vladimir Tarasenko in BUFFALO Sabres zone.
7:42 of 2nd period - Shot by Ryan Carpenter.
7:42 of 2nd period - Shot Misses the Net.
7:48 of 2nd period - Ryan Carpenter is hit by Vladimir Tarasenko and loses puck.
7:55 of 2nd period - Shot by Jack Eichel.
7:55 of 2nd period - Stopped by Matt Murray with a rebound.
8:14 of 2nd period - Valeri Nichushkin is hit by Alex Goligoski and loses puck.
8:15 of 2nd period - Minor Penalty to Artem Zub for Roughing.
8:16 of 2nd period - Nico Hischier wins face-off versus Tyler Seguin in TORONTO Maple Leafs zone.
9:46 of 2nd period - John Marino is hit by Valeri Nichushkin and loses puck.
10:26 of 2nd period - Shot by Ryan Carpenter.
10:26 of 2nd period - Deflect By Jonah Gadjovich.
10:26 of 2nd period - Stopped by Igor Shesterkin without a rebound.
10:27 of 2nd period - Tage Thompson wins face-off versus Ryan Carpenter in BUFFALO Sabres zone.
11:48 of 2nd period - Shot by Vince Dunn.
11:48 of 2nd period - Shot Misses the Net.
11:50 of 2nd period - Shot by Colin White.
11:50 of 2nd period - Goal by Colin White - BUFFALO Sabres : 1 - TORONTO Maple Leafs : 2.
11:51 of 2nd period - Tyler Seguin wins face-off versus Nick Bjugstad in neutral zone.
12:02 of 2nd period - Shot by Tyler Seguin.
12:02 of 2nd period - Shot Misses the Net.
13:13 of 2nd period - Shot by Jesper Bratt.
13:13 of 2nd period - Stopped by Matt Murray without a rebound.
13:14 of 2nd period - Ryan Carpenter wins face-off versus Jack Eichel in TORONTO Maple Leafs zone.
13:14 of 2nd period - Artem Zub is hit by Alex Tuch.
13:18 of 2nd period - Shot by Jack Eichel.
13:18 of 2nd period - Stopped by Matt Murray with a rebound.
13:53 of 2nd period - Simon Holmstrom is hit by Jonas Brodin and loses puck.
13:57 of 2nd period - Minor Penalty to Jonas Brodin for Close Hand On Puck.
13:58 of 2nd period - Nico Hischier wins face-off versus Tyler Seguin in BUFFALO Sabres zone.
14:10 of 2nd period - Vince Dunn is hit by Nico Hischier and loses puck.
14:17 of 2nd period - Shot by Vince Dunn.
14:17 of 2nd period - Stopped by Igor Shesterkin without a rebound.
14:18 of 2nd period - Nico Hischier wins face-off versus Sam Lafferty in BUFFALO Sabres zone.
14:26 of 2nd period - Off-side.
14:27 of 2nd period - Nico Hischier wins face-off versus Josh Bailey in neutral zone.
14:33 of 2nd period - Icing by Josh Bailey.
14:34 of 2nd period - Nico Hischier wins face-off versus Tyler Seguin in TORONTO Maple Leafs zone.
14:50 of 2nd period - Nico Hischier is hit by Vince Dunn and loses puck.
15:31 of 2nd period - Shot by Mark Jankowski.
15:31 of 2nd period - Shot Blocked by Brett Kulak.
15:33 of 2nd period - Shot by Sam Lafferty.
15:33 of 2nd period - Stopped by Igor Shesterkin without a rebound.
15:34 of 2nd period - Nick Bjugstad wins face-off versus Sam Lafferty in BUFFALO Sabres zone.
15:53 of 2nd period - Shot by John Marino.
15:53 of 2nd period - Stopped by Igor Shesterkin without a rebound.
15:54 of 2nd period - Sam Lafferty wins face-off versus Nico Hischier in BUFFALO Sabres zone.
16:07 of 2nd period - Shot by Vladimir Tarasenko.
16:07 of 2nd period - Shot Blocked by Artem Zub.
16:17 of 2nd period - Shot by Alex Tuch.
16:17 of 2nd period - Shot Misses the Net.
16:55 of 2nd period - Shot by Nico Hischier.
16:55 of 2nd period - Shot Blocked by Artem Zub.
16:57 of 2nd period - Shot by Jesper Bratt.
16:57 of 2nd period - Shot Blocked by Artem Zub.
16:59 of 2nd period - Shot by Valeri Nichushkin.
16:59 of 2nd period - Deflect By Jesper Bratt.
16:59 of 2nd period - Shot Misses the Net.
17:01 of 2nd period - Shot by Nico Hischier.
17:01 of 2nd period - Goal by Nico Hischier - BUFFALO Sabres : 2 - TORONTO Maple Leafs : 2.
17:02 of 2nd period - Tage Thompson wins face-off versus Tyler Seguin in neutral zone.
17:02 of 2nd period - Ivan Provorov is hit by Corey Perry and loses puck.
17:22 of 2nd period - Tyler Seguin is hit by Ivan Provorov and loses puck.
17:58 of 2nd period - Shot by Valeri Nichushkin.
17:58 of 2nd period - Stopped by Matt Murray without a rebound.
17:59 of 2nd period - Sam Lafferty wins face-off versus Nico Hischier in TORONTO Maple Leafs zone.
17:59 of 2nd period - Colin White is hit by Nico Hischier and loses puck.
18:03 of 2nd period - Colin White is hit by Valeri Nichushkin and loses puck.
19:14 of 2nd period - Shot by Vladimir Tarasenko.
19:14 of 2nd period - Shot Misses the Net.
19:22 of 2nd period - Shot by Vladimir Tarasenko.
19:22 of 2nd period - Shot Misses the Net.
19:24 of 2nd period - Shot by Brett Kulak.
19:24 of 2nd period - Deflect By Alex Tuch.
19:24 of 2nd period - Stopped by Matt Murray without a rebound.
19:25 of 2nd period - Tyler Seguin wins face-off versus Tage Thompson in TORONTO Maple Leafs zone.
19:25 of 2nd period - Tyler Seguin is hit by Logan O'Connor.
19:30 of 2nd period - Vince Dunn is hit by Ivan Provorov.
Goals for this period are 2 for BUFFALO Sabres vs 1 for TORONTO Maple Leafs.
Shots for this period are 10 for BUFFALO Sabres vs 7 for TORONTO Maple Leafs.

3rd period


0:01 of 3rd period - Nico Hischier wins face-off versus Tyler Seguin in neutral zone.
1:15 of 3rd period - Shot by Jack Eichel.
1:15 of 3rd period - Shot Blocked by John Marino.
1:17 of 3rd period - Shot by Brett Kulak.
1:17 of 3rd period - Deflect By Vladimir Tarasenko.
1:17 of 3rd period - Stopped by Matt Murray with a rebound.
1:33 of 3rd period - Brett Kulak is hit by Mark Jankowski and loses puck.
1:39 of 3rd period - Icing by Jack Eichel.
1:40 of 3rd period - Ryan Carpenter wins face-off versus Jack Eichel in BUFFALO Sabres zone.
2:00 of 3rd period - Shot by Jonah Gadjovich.
2:00 of 3rd period - Shot Blocked by Alex Tuch.
2:19 of 3rd period - Icing by Alex Tuch.
2:20 of 3rd period - Sam Lafferty wins face-off versus Jack Eichel in BUFFALO Sabres zone.
2:25 of 3rd period - Shot by Sam Lafferty.
2:25 of 3rd period - Stopped by Igor Shesterkin without a rebound.
2:26 of 3rd period - Tyler Seguin wins face-off versus Nico Hischier in BUFFALO Sabres zone.
2:56 of 3rd period - Ivan Provorov is hit by Vince Dunn and loses puck.
3:13 of 3rd period - Jonas Brodin is hit by Corey Perry and loses puck.
3:38 of 3rd period - Shot by Seth Jarvis.
3:38 of 3rd period - Shot Misses the Net.
3:55 of 3rd period - Icing by Nick Leddy.
3:56 of 3rd period - Sam Lafferty wins face-off versus Nick Bjugstad in TORONTO Maple Leafs zone.
4:08 of 3rd period - Icing by Filip Hronek.
4:09 of 3rd period - Ryan Carpenter wins face-off versus Nick Bjugstad in BUFFALO Sabres zone.
4:20 of 3rd period - Alex Goligoski is hit by Curtis Lazar and loses puck.
4:43 of 3rd period - Shot by Artem Zub.
4:43 of 3rd period - Stopped by Igor Shesterkin without a rebound.
4:44 of 3rd period - Sam Lafferty wins face-off versus Nico Hischier in BUFFALO Sabres zone.
4:45 of 3rd period - Shot by Shayne Gostisbehere.
4:45 of 3rd period - Shot Misses the Net.
4:59 of 3rd period - Shot by Vince Dunn.
4:59 of 3rd period - Stopped by Igor Shesterkin without a rebound.
5:00 of 3rd period - Tyler Seguin wins face-off versus Jack Eichel in BUFFALO Sabres zone.
5:02 of 3rd period - Josh Bailey is hit by Jakob Chychrun.
5:06 of 3rd period - Shot by Corey Perry.
5:06 of 3rd period - Stopped by Igor Shesterkin without a rebound.
5:07 of 3rd period - Tyler Seguin wins face-off versus Jack Eichel in BUFFALO Sabres zone.
5:11 of 3rd period - Icing by Jonas Brodin.
5:12 of 3rd period - Jack Eichel wins face-off versus Tyler Seguin in BUFFALO Sabres zone.
5:16 of 3rd period - Jonas Brodin is hit by Corey Perry and loses puck.
5:24 of 3rd period - Ivan Provorov is hit by Vince Dunn and loses puck.
5:32 of 3rd period - Minor Penalty to Vince Dunn for High sticking.
5:33 of 3rd period - Tyler Seguin wins face-off versus Nico Hischier in TORONTO Maple Leafs zone.
5:33 of 3rd period - Tyler Seguin is hit by Jesper Bratt.
5:51 of 3rd period - Shot by Jesper Bratt.
5:51 of 3rd period - Stopped by Matt Murray with a rebound.
6:01 of 3rd period - Shot by Filip Hronek.
6:01 of 3rd period - Deflect By Jesper Bratt.
6:01 of 3rd period - Stopped by Matt Murray without a rebound.
6:02 of 3rd period - Jack Eichel wins face-off versus Josh Bailey in TORONTO Maple Leafs zone.
6:03 of 3rd period - Shot by Jonas Brodin.
6:03 of 3rd period - Stopped by Matt Murray without a rebound.
6:04 of 3rd period - Jack Eichel wins face-off versus Tyler Seguin in TORONTO Maple Leafs zone.
6:17 of 3rd period - Shot by Ivan Provorov.
6:17 of 3rd period - Shot Misses the Net.
6:26 of 3rd period - Icing by Valeri Nichushkin.
6:27 of 3rd period - Jack Eichel wins face-off versus Tyler Seguin in BUFFALO Sabres zone.
6:27 of 3rd period - Jack Eichel is hit by Corey Perry.
6:53 of 3rd period - Shot by Jonas Brodin.
6:53 of 3rd period - Stopped by Matt Murray without a rebound.
6:54 of 3rd period - Nico Hischier wins face-off versus Josh Bailey in TORONTO Maple Leafs zone.
7:08 of 3rd period - Icing by Jakob Chychrun.
7:09 of 3rd period - Tyler Seguin wins face-off versus Nico Hischier in BUFFALO Sabres zone.
7:24 of 3rd period - Shot by Filip Hronek.
7:24 of 3rd period - Shot Misses the Net.
7:26 of 3rd period - Shot by Alex Tuch.
7:26 of 3rd period - Shot Misses the Net.
7:28 of 3rd period - Shot by Nico Hischier.
7:28 of 3rd period - Shot Blocked by Nick Leddy.
7:30 of 3rd period - Shot by Jesper Bratt.
7:30 of 3rd period - Stopped by Matt Murray with a rebound.
7:32 of 3rd period - Shot by Nico Hischier.
7:32 of 3rd period - Shot Misses the Net.
7:34 of 3rd period - Shot by Seth Jarvis.
7:34 of 3rd period - Stopped by Matt Murray without a rebound.
7:35 of 3rd period - Tage Thompson wins face-off versus Sam Lafferty in TORONTO Maple Leafs zone.
8:44 of 3rd period - Shot by Ryan Carpenter.
8:44 of 3rd period - Shot Misses the Net.
9:00 of 3rd period - Nick Leddy is hit by Valeri Nichushkin and loses puck.
9:33 of 3rd period - Corey Perry is hit by Jon Merrill and loses puck.
9:37 of 3rd period - Icing by Jon Merrill.
9:38 of 3rd period - Kevin Stenlund wins face-off versus Jack Eichel in BUFFALO Sabres zone.
9:38 of 3rd period - Corey Perry is hit by Jakob Chychrun and loses puck.
9:51 of 3rd period - Shot by Vladimir Tarasenko.
9:51 of 3rd period - Shot Misses the Net.
9:53 of 3rd period - Shot by Jon Merrill.
9:53 of 3rd period - Shot Misses the Net.
9:55 of 3rd period - Shot by Alex Tuch.
9:55 of 3rd period - Stopped by Matt Murray without a rebound.
9:56 of 3rd period - Tage Thompson wins face-off versus Sam Lafferty in TORONTO Maple Leafs zone.
10:27 of 3rd period - Shot by Sam Lafferty.
10:27 of 3rd period - Stopped by Igor Shesterkin without a rebound.
10:28 of 3rd period - Jack Eichel wins face-off versus Tyler Seguin in BUFFALO Sabres zone.
10:33 of 3rd period - Shot by Tyler Seguin.
10:33 of 3rd period - Stopped by Igor Shesterkin without a rebound.
10:34 of 3rd period - Tyler Seguin wins face-off versus Vladimir Tarasenko in BUFFALO Sabres zone.
11:02 of 3rd period - Corey Perry is hit by Alex Tuch and loses puck.
11:14 of 3rd period - Josh Bailey is hit by Filip Hronek and loses puck.
11:18 of 3rd period - Icing by Brett Kulak.
11:19 of 3rd period - Sam Lafferty wins face-off versus Jack Eichel in BUFFALO Sabres zone.
11:19 of 3rd period - Minor Penalty to Brett Kulak for Slashing.
11:20 of 3rd period - Sam Lafferty wins face-off versus Nico Hischier in BUFFALO Sabres zone.
11:55 of 3rd period - Shot by Shayne Gostisbehere.
11:55 of 3rd period - Shot Blocked by Jonas Brodin.
11:57 of 3rd period - Shot by Vince Dunn.
11:57 of 3rd period - Shot Misses the Net.
12:25 of 3rd period - Shot by John Marino.
12:25 of 3rd period - Stopped by Igor Shesterkin with a rebound.
12:33 of 3rd period - Shot by Nick Leddy.
12:33 of 3rd period - Shot Misses the Net.
12:49 of 3rd period - Shot by Corey Perry.
12:49 of 3rd period - Goal by Corey Perry - BUFFALO Sabres : 2 - TORONTO Maple Leafs : 3.
12:50 of 3rd period - Jack Eichel wins face-off versus Ryan Carpenter in neutral zone.
13:07 of 3rd period - Shot by Jonah Gadjovich.
13:07 of 3rd period - Shot Blocked by Brett Kulak.
13:09 of 3rd period - Shot by Artem Zub.
13:09 of 3rd period - Shot Misses the Net.
13:11 of 3rd period - Shot by Artem Zub.
13:11 of 3rd period - Stopped by Igor Shesterkin without a rebound.
13:12 of 3rd period - Nick Bjugstad wins face-off versus Sam Lafferty in BUFFALO Sabres zone.
14:01 of 3rd period - Icing by Jakob Chychrun.
14:02 of 3rd period - Tyler Seguin wins face-off versus Nick Bjugstad in BUFFALO Sabres zone.
14:44 of 3rd period - Minor Penalty to Nick Leddy for Hooking.
14:45 of 3rd period - Tyler Seguin wins face-off versus Nico Hischier in TORONTO Maple Leafs zone.
14:56 of 3rd period - Shot by Ivan Provorov.
14:56 of 3rd period - Stopped by Matt Murray without a rebound.
14:57 of 3rd period - Tyler Seguin wins face-off versus Jack Eichel in TORONTO Maple Leafs zone.
15:20 of 3rd period - Shot by Jack Eichel.
15:20 of 3rd period - Shot Misses the Net.
15:26 of 3rd period - Shot by Jonas Brodin.
15:26 of 3rd period - Stopped by Matt Murray without a rebound.
15:27 of 3rd period - Tyler Seguin wins face-off versus Nico Hischier in TORONTO Maple Leafs zone.
15:41 of 3rd period - Shot by Corey Perry.
15:41 of 3rd period - Deflect By Tyler Seguin.
15:41 of 3rd period - Stopped by Igor Shesterkin without a rebound.
15:42 of 3rd period - Nico Hischier wins face-off versus Tyler Seguin in BUFFALO Sabres zone.
15:44 of 3rd period - Icing by Jonas Brodin.
15:45 of 3rd period - Tyler Seguin wins face-off versus Nico Hischier in BUFFALO Sabres zone.
15:45 of 3rd period - Tyler Seguin is hit by Ivan Provorov.
16:11 of 3rd period - Shot by Jesper Bratt.
16:11 of 3rd period - Deflect By Nico Hischier.
16:11 of 3rd period - Shot Misses the Net.
16:13 of 3rd period - Shot by Jesper Bratt.
16:13 of 3rd period - Goal by Jesper Bratt - BUFFALO Sabres : 3 - TORONTO Maple Leafs : 3.
16:14 of 3rd period - Tage Thompson wins face-off versus Colin White in neutral zone.
16:31 of 3rd period - Shot by Tage Thompson.
16:31 of 3rd period - Stopped by Matt Murray without a rebound.
16:32 of 3rd period - Ryan Carpenter wins face-off versus Valeri Nichushkin in TORONTO Maple Leafs zone.
17:38 of 3rd period - John Marino is hit by Jack Eichel and loses puck.
18:16 of 3rd period - John Marino is hit by Jon Merrill and loses puck.
18:41 of 3rd period - Shot by Tage Thompson.
18:41 of 3rd period - Shot Blocked by Artem Zub.
18:43 of 3rd period - Shot by Logan O'Connor.
18:43 of 3rd period - Shot Blocked by Alex Goligoski.
18:45 of 3rd period - Shot by Tage Thompson.
18:45 of 3rd period - Stopped by Matt Murray without a rebound.
18:46 of 3rd period - Sam Lafferty wins face-off versus Nico Hischier in TORONTO Maple Leafs zone.
18:51 of 3rd period - Ivan Provorov is hit by Sam Lafferty.
19:10 of 3rd period - Nico Hischier is hit by Dennis Gilbert and loses puck.
Goals for this period are 1 for BUFFALO Sabres vs 1 for TORONTO Maple Leafs.
Shots for this period are 13 for BUFFALO Sabres vs 10 for TORONTO Maple Leafs.

Overtime #1


0:01 of 1st overtime period - Nick Bjugstad wins face-off versus Mark Jankowski in neutral zone.
0:31 of 1st overtime period - Icing by Alex Goligoski.
0:32 of 1st overtime period - Nick Bjugstad wins face-off versus Mark Jankowski in TORONTO Maple Leafs zone.
0:49 of 1st overtime period - Shot by Alex Tuch.
0:49 of 1st overtime period - Stopped by Matt Murray without a rebound.
0:50 of 1st overtime period - Nick Bjugstad wins face-off versus Mark Jankowski in TORONTO Maple Leafs zone.
0:58 of 1st overtime period - Icing by Colin White.
0:59 of 1st overtime period - Nick Bjugstad wins face-off versus Mark Jankowski in TORONTO Maple Leafs zone.
1:19 of 1st overtime period - Icing by Shayne Gostisbehere.
1:20 of 1st overtime period - Mark Jankowski wins face-off versus Nick Bjugstad in TORONTO Maple Leafs zone.
1:48 of 1st overtime period - Shot by Ryan Carpenter.
1:48 of 1st overtime period - Shot Blocked by Alex Tuch.
1:50 of 1st overtime period - Shot by Shayne Gostisbehere.
1:50 of 1st overtime period - Goal by Shayne Gostisbehere - BUFFALO Sabres : 3 - TORONTO Maple Leafs : 4.
Goals for this period are 0 for BUFFALO Sabres vs 1 for TORONTO Maple Leafs.
Shots for this period are 1 for BUFFALO Sabres vs 1 for TORONTO Maple Leafs. Output by the SimonT Hockey Simulator (STHS) for Martin Benoit - Original Page W3C HTML5 Valid
Hockey Simulator - Hockey Simulation - Hockey Manager